Sharks vs Coyotes

Created - 3 avril 2022 at 16:44

Goals
1 2 3 T
Sharks 2 0 1 3
Coyotes 0 2 0 2
Shots
1 2 3 T
Sharks 16 3 10 29
Coyotes 10 19 4 33

GoalsPenalties
1st period
1. Sharks , William Nylander 26 (Josh Morrissey 55, Alexander Edler 38) at 2:21
2. Sharks , Cam Atkinson 19 (Alexander Edler 39, Ryan Strome 32) at 8:44 (PP)
Andrej Sekera (ARI) for Roughing (Minor) at 8:38
Frank Vatrano (ARI) for Hooking (Minor) at 12:30
Josh Morrissey (SAN) for Hooking (Minor) at 12:30
2nd period
3. Coyotes , Travis Sanheim 8 (Pavel Zacha 33, Miro Heiskanen 55) at 10:53 (PP)
4. Coyotes , Jesper Bratt 25 (Miro Heiskanen 56, Pavel Zacha 34) at 15:35
Travis Sanheim (ARI) for Holding (Minor) at 5:32
Erik Johnson (SAN) for Hooking (Minor) at 7:49
Marcus Foligno (SAN) for Hooking (Minor) at 10:13
Marcus Foligno (SAN) for Hooking (Minor) at 11:38
Alexander Edler (SAN) for Tripping (Minor) at 17:55
3rd period
5. Sharks , Vladimir Tarasenko 19 (Ryan Strome 33) at 10:39
Alex Formenton (ARI) for Holding (Minor) at 0:59
Michael Stone (ARI) for Boarding (Minor) at 15:02
Tyler Pitlick (SAN) for Hooking (Minor) at 15:02
Goalie Stats
Carter Hart (SAN), 31 saves from 33 shots - (0,939), W, 20-19-1, 60:00 minutes
Mike Smith (ARI), 26 saves from 29 shots - (0,897), L, 43-23-5, 59:56 minutes
3 StarsOfficial
1 - Alexander Edler (SAN)
2 - Ryan Strome (SAN)
3 - William Nylander (SAN)
Referees : Garrett Rank and Dan O'Rourke
Linesman : Mark Wheler and Darren Gibbs
Game Note
No Game Note



Team Name Goals Shots Shots Attemp Shots Blocked PIM HIT PP PK FO%
Sharks 329531412201 / 3 (33%)143%
Coyotes 23376210201 / 4 (25%)157%

Sharks
Player Name POS G A P +/- PIM HIT SHT SB MP PP MP PP SHT PK MP PK SHT FO% FOT
Alexander EdlerD0221230424:132:1102:4000% 0
Alexander NylanderLW/RW000100006:310:0000:0000% 1
Brad MaloneC/LW0000001010:280:0000:00050% 2
Cal ClutterbuckRW0000023113:550:0003:2700% 0
Cam AtkinsonLW/RW1010003019:172:1310:120100% 1
Erik JohnsonD0000230216:080:0002:2600% 0
J.T. CompherC/LW/RW0000002018:541:5102:58051% 35
Josh MorrisseyD0111223223:091:5312:3300% 0
Luke GlendeningC/RW0001020012:121:5103:2700% 5
Marcus FolignoLW/RW0000423017:171:5100:0000% 1
Nate SchmidtD0000001121:351:5302:2200% 0
Nic DowdC/RW0000003010:280:0000:00047% 15
Philippe MyersD0000000113:180:0000:0000% 0
Ryan StromeC/RW0220032018:052:1300:12044% 25
Tyler PitlickC/LW/RW0000214117:020:0002:580100% 1
Vladimir TarasenkoRW1010002018:422:1300:00020% 5
Vladislav GavrikovD0000020121:342:1103:1300% 0
William NylanderC/LW/RW101100216:310:0000:00029% 7
Coyotes
Player Name POS G A P +/- PIM HIT SHT SB MP PP MP PP SHT PK MP PK SHT FO% FOT
Alex FormentonLW000-1224017:043:0610:0000% 3
Andrej SekeraD0000221024:312:5311:4600% 0
Andy GreeneD0000011117:530:0001:2300% 0
Boone JennerC/LW0000012013:160:0002:24069% 16
Chris WagnerC/LW/RW000000005:280:0000:0000% 0
Frank VatranoC/LW/RW0000202010:510:0000:0000% 0
Ilya MikheyevRW0000004013:160:0002:2410% 1
Jay BouwmeesterD000-1010013:560:0001:0000% 0
Jesper BrattLW/RW1010001021:083:3100:0000% 0
Michael StoneD000-1232115:392:5310:0000% 0
Miro HeiskanenD0220013026:183:4422:4100% 0
Nick PaulC/LW000001007:080:0001:4000% 0
Pavel ZachaC/LW0220021020:133:3111:40043% 7
Robert ThomasC/RW000000005:280:0000:00043% 7
Ryan JohansenC0000022020:593:3110:00071% 31
Sean MonahanC000-1004018:283:0600:00055% 29
Travis SanheimD1010245021:403:4431:1800% 0
Yegor SharangovichC/LW/RW000-1001018:373:0600:00025% 4

Sharks

5 vs 5 Forward
Line #Left WingCenterRight WingPHYDFOFWanted %Time %Time Play
1Cam AtkinsonRyan StromeVladimir Tarasenko1223031%13:54
2Tyler PitlickJ.T. CompherMarcus Foligno1223031%14:05
3Brad MaloneNic DowdCal Clutterbuck1222423%10:28
4Alexander NylanderWilliam NylanderLuke Glendening1221614%6:31
5 vs 5 Defense
Line #DefenseDefensePHYDFOFWanted %Time %Time Play
1Alexander EdlerJosh Morrissey1223028%12:27
2Nate SchmidtVladislav Gavrikov1223031%13:58
3Erik JohnsonPhilippe Myers1222430%13:18
4Alexander EdlerJosh Morrissey1221612%5:15
Power Play Forward
Line #Left WingCenterRight WingPHYDFOFWanted %Time %Time Play
1Cam AtkinsonRyan StromeVladimir Tarasenko1225055%2:13
2Marcus FolignoJ.T. CompherLuke Glendening1225045%1:51
Power Play Defense
Line #DefenseDefensePHYDFOFWanted %Time %Time Play
1Nate SchmidtJosh Morrissey1225046%1:53
2Alexander EdlerVladislav Gavrikov1225054%2:11
Penalty Kill 4 Players Forward
Line #CenterWingPHYDFOFWanted %Time %Time Play
1J.T. CompherTyler Pitlick1315048%3:10
2Luke GlendeningCal Clutterbuck1315052%3:27
Penalty Kill 4 Players Defense
Line #DefenseDefensePHYDFOFWanted %Time %Time Play
1Alexander EdlerErik Johnson1315056%3:44
2Josh MorrisseyVladislav Gavrikov1315044%2:53
Penalty Kill 3 Players
Line #WingPHYDFOFWanted %Time %Time PlayDefenseDefensePHYDFOFWanted %Time %Time Play
1J.T. Compher140500%0:00 Alexander EdlerErik Johnson140500%0:00
2Tyler Pitlick140500%0:00 Josh MorrisseyVladislav Gavrikov140500%0:00
4 vs 4 Forward
Line #CenterWingPHYDFOFWanted %Time %Time Play
1Ryan StromeMarcus Foligno1135035%1:23
2Vladimir TarasenkoCam Atkinson1135065%2:35
4 vs 4 Defense
Line #DefensePHYDFOFWanted %Time %Time Play
1Nate SchmidtJosh Morrissey1135075%50% - 2:59
2Alexander EdlerVladislav Gavrikov1135025%50% - 0:59
Last Minutes Offensive
Left WingCenterRight WingDefenseDefense
Marcus FolignoRyan StromeVladimir TarasenkoNate SchmidtJosh Morrissey
Last Minutes Defensive
Left WingCenterRight WingDefenseDefense
Marcus FolignoJ.T. CompherLuke GlendeningAlexander EdlerErik Johnson
Time
Total ForwardTotal DefenseLast Minutes OffensiveLast Minutes Defensive
60:00 60:00 0:000:23
Extra Forwards
Normal PowerPlayPenalty Kill
Cam Atkinson, Marcus Foligno, J.T. CompherJ.T. Compher, Marcus FolignoTyler Pitlick
Extra Defensemen
Normal PowerPlayPenalty Kill
Alexander Edler, Nate Schmidt, Josh MorrisseyJosh Morrissey, Nate SchmidtJosh Morrissey
Penalty Shots
Ryan Strome, Marcus Foligno, Vladimir Tarasenko, Cam Atkinson, J.T. Compher
Goalie
Carter Hart, Mikko Koskinen
Custom OT Lines Forwards
Ryan Strome, Marcus Foligno, Vladimir Tarasenko, Cam Atkinson, J.T. Compher, Cal Clutterbuck, Nic Dowd, Tyler Pitlick, Alexander Nylander, Luke Glendening
Custom OT Lines Defensemen
Alexander Edler, Erik Johnson, Josh Morrissey, Vladislav Gavrikov, Nate Schmidt
Scratches
David Gustafsson (Healthy), Josh Norris (Separated Left Shoulder Injury), Zane McIntyre (Healthy)

Coyotes

5 vs 5 Forward
Line #Left WingCenterRight WingPHYDFOFWanted %Time %Time Play
1Pavel ZachaRyan JohansenJesper Bratt1223733%14:53
2Alex FormentonSean MonahanYegor Sharangovich1223431%13:59
3Frank VatranoBoone JennerIlya Mikheyev1222424%10:52
4Nick PaulRobert ThomasChris Wagner122512%5:28
5 vs 5 Defense
Line #DefenseDefensePHYDFOFWanted %Time %Time Play
1Miro HeiskanenAndrej Sekera1223636%16:28
2Travis SanheimAndy Greene1313031%14:02
3Michael StoneJay Bouwmeester1312428%12:47
4Miro HeiskanenAndrej Sekera122104%1:55
Power Play Forward
Line #Left WingCenterRight WingPHYDFOFWanted %Time %Time Play
1Pavel ZachaRyan JohansenJesper Bratt1045053%3:31
2Alex FormentonSean MonahanYegor Sharangovich1045047%3:06
Power Play Defense
Line #DefenseDefensePHYDFOFWanted %Time %Time Play
1Miro HeiskanenTravis Sanheim1135056%3:44
2Andrej SekeraMichael Stone1135044%2:53
Penalty Kill 4 Players Forward
Line #CenterWingPHYDFOFWanted %Time %Time Play
1Boone JennerIlya Mikheyev1315059%2:24
2Pavel ZachaNick Paul1315041%1:40
Penalty Kill 4 Players Defense
Line #DefenseDefensePHYDFOFWanted %Time %Time Play
1Andy GreeneAndrej Sekera1315038%1:32
2Miro HeiskanenTravis Sanheim1315062%2:32
Penalty Kill 3 Players
Line #WingPHYDFOFWanted %Time %Time PlayDefenseDefensePHYDFOFWanted %Time %Time Play
1Boone Jenner140500%0:00 Andy GreeneAndrej Sekera140500%0:00
2Nick Paul140500%0:00 Miro HeiskanenTravis Sanheim140500%0:00
4 vs 4 Forward
Line #CenterWingPHYDFOFWanted %Time %Time Play
1Ryan JohansenJesper Bratt1225065%2:35
2Sean MonahanYegor Sharangovich1225035%1:23
4 vs 4 Defense
Line #DefensePHYDFOFWanted %Time %Time Play
1Miro HeiskanenAndrej Sekera1225038%50% - 1:30
2Travis SanheimAndy Greene1225062%50% - 2:28
Last Minutes Offensive
Left WingCenterRight WingDefenseDefense
Yegor SharangovichPavel ZachaJesper BrattMiro HeiskanenTravis Sanheim
Last Minutes Defensive
Left WingCenterRight WingDefenseDefense
Boone JennerPavel ZachaIlya MikheyevAndy GreeneAndrej Sekera
Time
Total ForwardTotal DefenseLast Minutes OffensiveLast Minutes Defensive
60:00 60:00 0:090:00
Extra Forwards
Normal PowerPlayPenalty Kill
Alex Formenton, Boone Jenner, Nick PaulJesper Bratt, Boone JennerNick Paul
Extra Defensemen
Normal PowerPlayPenalty Kill
Travis Sanheim, Jay Bouwmeester, Miro HeiskanenTravis Sanheim, Miro HeiskanenJay Bouwmeester
Penalty Shots
Jesper Bratt, Sean Monahan, Yegor Sharangovich, Pavel Zacha, Robert Thomas
Goalie
Mike Smith, Elvis Merzlikins
Custom OT Lines Forwards
Alex Formenton, Jesper Bratt, Sean Monahan, Pavel Zacha, Yegor Sharangovich, Boone Jenner, Ilya Mikheyev, Frank Vatrano, Nick Paul, Robert Thomas
Custom OT Lines Defensemen
Miro Heiskanen, Andrej Sekera, Andy Greene, Travis Sanheim, Robert Thomas
Scratches
Kiefer Sherwood (Healthy), Michal Kempny (Healthy), Charlie Lindgren (Healthy)


Play-by-Play

1st period


0:01 of 1st period - Ryan Johansen wins face-off versus Ryan Strome in neutral zone.
0:06 of 1st period - Shot by Ryan Johansen.
0:06 of 1st period - Shot Misses the Net.
0:29 of 1st period - Off-side.
0:30 of 1st period - J.T. Compher wins face-off versus Alex Formenton in neutral zone.
0:30 of 1st period - Tyler Pitlick is hit by Alex Formenton and loses puck.
0:43 of 1st period - Shot by Yegor Sharangovich.
0:43 of 1st period - Stopped by Carter Hart without a rebound.
0:44 of 1st period - Nic Dowd wins face-off versus Boone Jenner in Sharks zone.
0:44 of 1st period - Nic Dowd is hit by Boone Jenner.
0:49 of 1st period - Philippe Myers is hit by Jay Bouwmeester and loses puck.
0:56 of 1st period - Shot by Nic Dowd.
0:56 of 1st period - Shot Misses the Net.
1:16 of 1st period - Icing by Erik Johnson.
1:17 of 1st period - Nic Dowd wins face-off versus Sean Monahan in Sharks zone.
1:26 of 1st period - Shot by Yegor Sharangovich.
1:26 of 1st period - Shot Misses the Net.
1:34 of 1st period - Shot by Nic Dowd.
1:34 of 1st period - Stopped by Mike Smith with a rebound.
1:36 of 1st period - Shot by Nic Dowd.
1:36 of 1st period - Shot Misses the Net.
1:56 of 1st period - Shot by Tyler Pitlick.
1:56 of 1st period - Stopped by Mike Smith with a rebound.
1:58 of 1st period - Shot by Marcus Foligno.
1:58 of 1st period - Stopped by Mike Smith without a rebound.
1:59 of 1st period - Ryan Johansen wins face-off versus William Nylander in Coyotes zone.
2:11 of 1st period - Josh Morrissey is hit by Andrej Sekera and loses puck.
2:21 of 1st period - Shot by William Nylander.
2:21 of 1st period - Goal by William Nylander - Sharks : 1 - Coyotes : 0.
2:22 of 1st period - Ryan Strome wins face-off versus Robert Thomas in neutral zone.
2:41 of 1st period - Shot by Nick Paul.
2:41 of 1st period - Shot Misses the Net.
2:43 of 1st period - Shot by Michael Stone.
2:43 of 1st period - Stopped by Carter Hart without a rebound.
2:44 of 1st period - Ryan Johansen wins face-off versus J.T. Compher in Sharks zone.
2:51 of 1st period - Shot by Jesper Bratt.
2:51 of 1st period - Deflect By Pavel Zacha.
2:51 of 1st period - Shot Misses the Net.
2:53 of 1st period - Shot by Pavel Zacha.
2:53 of 1st period - Shot Misses the Net.
2:55 of 1st period - Shot by Pavel Zacha.
2:55 of 1st period - Shot Misses the Net.
2:57 of 1st period - Shot by Miro Heiskanen.
2:57 of 1st period - Stopped by Carter Hart without a rebound.
2:58 of 1st period - Boone Jenner wins face-off versus William Nylander in Sharks zone.
3:33 of 1st period - Shot by Travis Sanheim.
3:33 of 1st period - Stopped by Carter Hart without a rebound.
3:34 of 1st period - Sean Monahan wins face-off versus J.T. Compher in Sharks zone.
3:50 of 1st period - Icing by Josh Morrissey.
3:51 of 1st period - J.T. Compher wins face-off versus Ryan Johansen in Sharks zone.
4:14 of 1st period - Shot by J.T. Compher.
4:14 of 1st period - Shot Misses the Net.
4:16 of 1st period - Shot by Josh Morrissey.
4:16 of 1st period - Stopped by Mike Smith with a rebound.
4:18 of 1st period - Shot by J.T. Compher.
4:18 of 1st period - Shot Misses the Net.
4:20 of 1st period - Shot by Josh Morrissey.
4:20 of 1st period - Stopped by Mike Smith without a rebound.
4:21 of 1st period - Sean Monahan wins face-off versus Ryan Strome in Coyotes zone.
4:21 of 1st period - Sean Monahan is hit by Ryan Strome.
4:39 of 1st period - Shot by Sean Monahan.
4:39 of 1st period - Shot Blocked by Philippe Myers.
4:51 of 1st period - Shot by Cam Atkinson.
4:51 of 1st period - Shot Misses the Net.
4:53 of 1st period - Shot by Philippe Myers.
4:53 of 1st period - Shot Misses the Net.
4:55 of 1st period - Shot by Philippe Myers.
4:55 of 1st period - Shot Misses the Net.
4:57 of 1st period - Shot by Cam Atkinson.
4:57 of 1st period - Stopped by Mike Smith with a rebound.
5:37 of 1st period - Icing by Andrej Sekera.
5:38 of 1st period - Tyler Pitlick wins face-off versus Sean Monahan in Coyotes zone.
6:07 of 1st period - Shot by J.T. Compher.
6:07 of 1st period - Stopped by Mike Smith without a rebound.
6:08 of 1st period - Boone Jenner wins face-off versus Nic Dowd in Coyotes zone.
6:23 of 1st period - Shot by Cal Clutterbuck.
6:23 of 1st period - Stopped by Mike Smith without a rebound.
6:24 of 1st period - Ryan Johansen wins face-off versus Ryan Strome in Coyotes zone.
6:24 of 1st period - Ryan Johansen is hit by Ryan Strome.
7:03 of 1st period - Ryan Strome is hit by Travis Sanheim and loses puck.
7:13 of 1st period - Cam Atkinson is hit by Travis Sanheim and loses puck.
7:19 of 1st period - Icing by Jesper Bratt.
7:20 of 1st period - Ryan Johansen wins face-off versus William Nylander in Coyotes zone.
7:22 of 1st period - Travis Sanheim is hit by Luke Glendening and loses puck.
7:41 of 1st period - Alexander Nylander is hit by Pavel Zacha and loses puck.
8:21 of 1st period - Marcus Foligno is hit by Miro Heiskanen and loses puck.
8:25 of 1st period - J.T. Compher is hit by Andrej Sekera and loses puck.
8:38 of 1st period - Shot by J.T. Compher.
8:38 of 1st period - Stopped by Mike Smith without a rebound.
8:38 of 1st period - Minor Penalty to Andrej Sekera for Roughing.
8:39 of 1st period - Ryan Strome wins face-off versus Pavel Zacha in Coyotes zone.
8:40 of 1st period - Shot by Josh Morrissey.
8:40 of 1st period - Stopped by Mike Smith without a rebound.
8:41 of 1st period - Ryan Strome wins face-off versus Pavel Zacha in Coyotes zone.
8:42 of 1st period - Shot by Alexander Edler.
8:42 of 1st period - Shot Misses the Net.
8:44 of 1st period - Shot by Cam Atkinson.
8:44 of 1st period - Goal by Cam Atkinson - Sharks : 2 - Coyotes : 0.
8:45 of 1st period - Nic Dowd wins face-off versus Sean Monahan in neutral zone.
9:04 of 1st period - Shot by Brad Malone.
9:04 of 1st period - Stopped by Mike Smith without a rebound.
9:05 of 1st period - Robert Thomas wins face-off versus J.T. Compher in Coyotes zone.
10:17 of 1st period - Alexander Edler is hit by Alex Formenton and loses puck.
10:45 of 1st period - Sean Monahan is hit by Alexander Edler and loses puck.
10:58 of 1st period - Alexander Edler is hit by Ryan Johansen and loses puck.
11:05 of 1st period - Shot by Ryan Johansen.
11:05 of 1st period - Stopped by Carter Hart without a rebound.
11:06 of 1st period - Boone Jenner wins face-off versus Ryan Strome in Sharks zone.
11:06 of 1st period - Andy Greene is hit by Erik Johnson and loses puck.
11:11 of 1st period - Shot by Frank Vatrano.
11:11 of 1st period - Stopped by Carter Hart without a rebound.
11:12 of 1st period - Cam Atkinson wins face-off versus Ryan Johansen in Sharks zone.
11:48 of 1st period - Icing by Jesper Bratt.
11:49 of 1st period - Ryan Johansen wins face-off versus J.T. Compher in Coyotes zone.
11:49 of 1st period - Ryan Johansen is hit by Tyler Pitlick.
11:55 of 1st period - Shot by Jesper Bratt.
11:55 of 1st period - Shot Misses the Net.
12:01 of 1st period - Shot by Tyler Pitlick.
12:01 of 1st period - Shot Misses the Net.
12:03 of 1st period - Shot by Tyler Pitlick.
12:03 of 1st period - Stopped by Mike Smith without a rebound.
12:04 of 1st period - William Nylander wins face-off versus Boone Jenner in Coyotes zone.
12:29 of 1st period - Shot by Frank Vatrano.
12:29 of 1st period - Shot Blocked by Alexander Edler.
12:30 of 1st period - Minor Penalty to Frank Vatrano for Hooking.
12:30 of 1st period - Minor Penalty to Josh Morrissey for Hooking.
12:31 of 1st period - Sean Monahan wins face-off versus Ryan Strome in Sharks zone.
12:32 of 1st period - Shot by Andy Greene.
12:32 of 1st period - Stopped by Carter Hart without a rebound.
12:33 of 1st period - Sean Monahan wins face-off versus Vladimir Tarasenko in Sharks zone.
12:50 of 1st period - Shot by Cam Atkinson.
12:50 of 1st period - Stopped by Mike Smith without a rebound.
12:51 of 1st period - Ryan Johansen wins face-off versus Ryan Strome in Coyotes zone.
12:55 of 1st period - Off-side.
12:56 of 1st period - Ryan Strome wins face-off versus Ryan Johansen in neutral zone.
13:12 of 1st period - Icing by Jesper Bratt.
13:13 of 1st period - Vladimir Tarasenko wins face-off versus Ryan Johansen in Coyotes zone.
14:05 of 1st period - Icing by Nate Schmidt.
14:06 of 1st period - Sean Monahan wins face-off versus Vladimir Tarasenko in Sharks zone.
14:09 of 1st period - Shot by Sean Monahan.
14:09 of 1st period - Shot Blocked by Vladislav Gavrikov.
14:27 of 1st period - Shot by Sean Monahan.
14:27 of 1st period - Stopped by Carter Hart without a rebound.
14:28 of 1st period - Yegor Sharangovich wins face-off versus Ryan Strome in Sharks zone.
14:35 of 1st period - Shot by Frank Vatrano.
14:35 of 1st period - Shot Misses the Net.
15:21 of 1st period - Icing by Cal Clutterbuck.
15:22 of 1st period - Sean Monahan wins face-off versus Nic Dowd in Sharks zone.
15:47 of 1st period - Shot by Alex Formenton.
15:47 of 1st period - Stopped by Carter Hart without a rebound.
15:48 of 1st period - Ryan Johansen wins face-off versus Ryan Strome in Sharks zone.
15:53 of 1st period - Shot by Pavel Zacha.
15:53 of 1st period - Shot Blocked by Erik Johnson.
16:04 of 1st period - Jesper Bratt is hit by Erik Johnson and loses puck.
17:41 of 1st period - Off-side.
17:42 of 1st period - William Nylander wins face-off versus Robert Thomas in neutral zone.
18:12 of 1st period - Josh Morrissey is hit by Michael Stone and loses puck.
18:16 of 1st period - William Nylander is hit by Michael Stone and loses puck.
18:57 of 1st period - Shot by Ryan Johansen.
18:57 of 1st period - Shot Blocked by William Nylander.
19:32 of 1st period - Shot by Tyler Pitlick.
19:32 of 1st period - Stopped by Mike Smith without a rebound.
19:33 of 1st period - Nic Dowd wins face-off versus Sean Monahan in Coyotes zone.
19:44 of 1st period - Shot by Alex Formenton.
19:44 of 1st period - Stopped by Carter Hart without a rebound.
19:45 of 1st period - Boone Jenner wins face-off versus J.T. Compher in Sharks zone.
19:46 of 1st period - Shot by Ilya Mikheyev.
19:46 of 1st period - Shot Misses the Net.
19:49 of 1st period - Icing by Vladislav Gavrikov.
19:50 of 1st period - J.T. Compher wins face-off versus Sean Monahan in Sharks zone.
Goals for this period are 2 for Sharks vs 0 for Coyotes.
Shots for this period are 16 for Sharks vs 10 for Coyotes.

2nd period


0:01 of 2nd period - J.T. Compher wins face-off versus Alex Formenton in neutral zone.
0:25 of 2nd period - Shot by Yegor Sharangovich.
0:25 of 2nd period - Shot Blocked by Josh Morrissey.
1:16 of 2nd period - Shot by Ryan Strome.
1:16 of 2nd period - Shot Misses the Net.
1:22 of 2nd period - Shot by Ryan Strome.
1:22 of 2nd period - Stopped by Mike Smith without a rebound.
1:23 of 2nd period - Nic Dowd wins face-off versus Boone Jenner in Coyotes zone.
1:31 of 2nd period - Off-side.
1:32 of 2nd period - Boone Jenner wins face-off versus Nic Dowd in neutral zone.
1:43 of 2nd period - Shot by Boone Jenner.
1:43 of 2nd period - Shot Misses the Net.
1:45 of 2nd period - Shot by Boone Jenner.
1:45 of 2nd period - Stopped by Carter Hart without a rebound.
1:46 of 2nd period - Ryan Johansen wins face-off versus Vladimir Tarasenko in Sharks zone.
2:07 of 2nd period - Shot by Vladimir Tarasenko.
2:07 of 2nd period - Shot Misses the Net.
2:46 of 2nd period - Icing by Vladislav Gavrikov.
2:47 of 2nd period - Sean Monahan wins face-off versus Ryan Strome in Sharks zone.
2:52 of 2nd period - Shot by Alex Formenton.
2:52 of 2nd period - Shot Misses the Net.
3:04 of 2nd period - Shot by Sean Monahan.
3:04 of 2nd period - Stopped by Carter Hart without a rebound.
3:05 of 2nd period - Boone Jenner wins face-off versus J.T. Compher in Sharks zone.
3:08 of 2nd period - Shot by Frank Vatrano.
3:08 of 2nd period - Shot Misses the Net.
3:10 of 2nd period - Shot by Ilya Mikheyev.
3:10 of 2nd period - Shot Blocked by Alexander Edler.
3:12 of 2nd period - Shot by Ilya Mikheyev.
3:12 of 2nd period - Stopped by Carter Hart without a rebound.
3:13 of 2nd period - Sean Monahan wins face-off versus J.T. Compher in Sharks zone.
3:27 of 2nd period - Icing by Michael Stone.
3:28 of 2nd period - Nic Dowd wins face-off versus Sean Monahan in Coyotes zone.
3:43 of 2nd period - Shot by Philippe Myers.
3:43 of 2nd period - Shot Misses the Net.
3:57 of 2nd period - Shot by Sean Monahan.
3:57 of 2nd period - Stopped by Carter Hart with a rebound.
3:59 of 2nd period - Shot by Alex Formenton.
3:59 of 2nd period - Deflect By Sean Monahan.
3:59 of 2nd period - Shot Misses the Net.
4:01 of 2nd period - Shot by Alex Formenton.
4:01 of 2nd period - Stopped by Carter Hart without a rebound.
4:02 of 2nd period - J.T. Compher wins face-off versus Boone Jenner in Sharks zone.
4:32 of 2nd period - Shot by Frank Vatrano.
4:32 of 2nd period - Deflect By Boone Jenner.
4:32 of 2nd period - Shot Blocked by Alexander Edler.
4:40 of 2nd period - Shot by Boone Jenner.
4:40 of 2nd period - Shot Blocked by Alexander Edler.
5:10 of 2nd period - Shot by Ryan Strome.
5:10 of 2nd period - Shot Misses the Net.
5:32 of 2nd period - Minor Penalty to Travis Sanheim for Holding.
5:33 of 2nd period - Pavel Zacha wins face-off versus Marcus Foligno in Coyotes zone.
6:33 of 2nd period - Icing by Vladislav Gavrikov.
6:34 of 2nd period - Pavel Zacha wins face-off versus Ryan Strome in Sharks zone.
7:01 of 2nd period - Shot by Ilya Mikheyev.
7:01 of 2nd period - Stopped by Carter Hart without a rebound.
7:02 of 2nd period - J.T. Compher wins face-off versus Pavel Zacha in Sharks zone.
7:39 of 2nd period - Shot by Brad Malone.
7:39 of 2nd period - Shot Misses the Net.
7:41 of 2nd period - Shot by Nic Dowd.
7:41 of 2nd period - Stopped by Mike Smith without a rebound.
7:42 of 2nd period - Sean Monahan wins face-off versus Nic Dowd in Coyotes zone.
7:49 of 2nd period - Shot by Sean Monahan.
7:49 of 2nd period - Stopped by Carter Hart without a rebound.
7:49 of 2nd period - Minor Penalty to Erik Johnson for Hooking.
7:50 of 2nd period - Sean Monahan wins face-off versus Luke Glendening in Sharks zone.
7:50 of 2nd period - Yegor Sharangovich is hit by Alexander Edler and loses puck.
9:05 of 2nd period - Shot by Miro Heiskanen.
9:05 of 2nd period - Stopped by Carter Hart without a rebound.
9:06 of 2nd period - J.T. Compher wins face-off versus Ryan Johansen in Sharks zone.
9:06 of 2nd period - J.T. Compher is hit by Ryan Johansen.
9:13 of 2nd period - Icing by Travis Sanheim.
9:14 of 2nd period - J.T. Compher wins face-off versus Pavel Zacha in Coyotes zone.
9:29 of 2nd period - Shot by Travis Sanheim.
9:29 of 2nd period - Stopped by Carter Hart without a rebound.
9:30 of 2nd period - J.T. Compher wins face-off versus Sean Monahan in Sharks zone.
9:46 of 2nd period - Off-side.
9:47 of 2nd period - Ryan Johansen wins face-off versus Luke Glendening in neutral zone.
9:54 of 2nd period - Shot by Boone Jenner.
9:54 of 2nd period - Stopped by Carter Hart without a rebound.
9:55 of 2nd period - Ryan Johansen wins face-off versus J.T. Compher in Sharks zone.
10:10 of 2nd period - Shot by J.T. Compher.
10:10 of 2nd period - Shot Misses the Net.
10:13 of 2nd period - Minor Penalty to Marcus Foligno for Hooking.
10:14 of 2nd period - Sean Monahan wins face-off versus Luke Glendening in Sharks zone.
10:14 of 2nd period - Alex Formenton is hit by Josh Morrissey and loses puck.
10:19 of 2nd period - Shot by Andrej Sekera.
10:19 of 2nd period - Shot Misses the Net.
10:21 of 2nd period - Shot by Michael Stone.
10:21 of 2nd period - Stopped by Carter Hart without a rebound.
10:22 of 2nd period - Ryan Johansen wins face-off versus J.T. Compher in Sharks zone.
10:22 of 2nd period - Ryan Johansen is hit by Vladislav Gavrikov.
10:25 of 2nd period - Jesper Bratt is hit by Josh Morrissey and loses puck.
10:47 of 2nd period - Shot by Miro Heiskanen.
10:47 of 2nd period - Shot Blocked by Erik Johnson.
10:49 of 2nd period - Shot by Pavel Zacha.
10:49 of 2nd period - Shot Misses the Net.
10:51 of 2nd period - Shot by Travis Sanheim.
10:51 of 2nd period - Shot Blocked by Cal Clutterbuck.
10:53 of 2nd period - Shot by Travis Sanheim.
10:53 of 2nd period - Goal by Travis Sanheim - Sharks : 2 - Coyotes : 1.
10:54 of 2nd period - J.T. Compher wins face-off versus Sean Monahan in neutral zone.
11:20 of 2nd period - Yegor Sharangovich is hit by Vladislav Gavrikov and loses puck.
11:38 of 2nd period - Minor Penalty to Marcus Foligno for Hooking.
11:39 of 2nd period - Ryan Johansen wins face-off versus Luke Glendening in Sharks zone.
11:49 of 2nd period - Ryan Johansen is hit by Cal Clutterbuck and loses puck.
11:56 of 2nd period - Shot by Miro Heiskanen.
11:56 of 2nd period - Shot Misses the Net.
13:59 of 2nd period - Shot by Ryan Strome.
13:59 of 2nd period - Shot Blocked by Michael Stone.
14:19 of 2nd period - Icing by Frank Vatrano.
14:20 of 2nd period - Boone Jenner wins face-off versus William Nylander in Coyotes zone.
14:20 of 2nd period - Boone Jenner is hit by Luke Glendening.
14:32 of 2nd period - Shot by William Nylander.
14:32 of 2nd period - Stopped by Mike Smith without a rebound.
14:33 of 2nd period - J.T. Compher wins face-off versus Yegor Sharangovich in Coyotes zone.
14:52 of 2nd period - Off-side.
14:53 of 2nd period - Robert Thomas wins face-off versus Nic Dowd in neutral zone.
15:25 of 2nd period - Off-side.
15:26 of 2nd period - Ryan Johansen wins face-off versus Ryan Strome in neutral zone.
15:35 of 2nd period - Shot by Jesper Bratt.
15:35 of 2nd period - Goal by Jesper Bratt - Sharks : 2 - Coyotes : 2.
15:36 of 2nd period - J.T. Compher wins face-off versus Alex Formenton in neutral zone.
17:10 of 2nd period - Jesper Bratt is hit by Alexander Edler and loses puck.
17:17 of 2nd period - Shot by Ryan Johansen.
17:17 of 2nd period - Deflect By Pavel Zacha.
17:17 of 2nd period - Shot Misses the Net.
17:27 of 2nd period - Frank Vatrano is hit by Ryan Strome and loses puck.
17:55 of 2nd period - Minor Penalty to Alexander Edler for Tripping.
17:56 of 2nd period - J.T. Compher wins face-off versus Sean Monahan in Sharks zone.
18:27 of 2nd period - Shot by Travis Sanheim.
18:27 of 2nd period - Stopped by Carter Hart without a rebound.
18:28 of 2nd period - Ryan Johansen wins face-off versus J.T. Compher in Sharks zone.
18:33 of 2nd period - Shot by Ryan Johansen.
18:33 of 2nd period - Stopped by Carter Hart without a rebound.
18:34 of 2nd period - Ryan Johansen wins face-off versus J.T. Compher in Sharks zone.
18:35 of 2nd period - Shot by Pavel Zacha.
18:35 of 2nd period - Stopped by Carter Hart without a rebound.
18:36 of 2nd period - J.T. Compher wins face-off versus Ryan Johansen in Sharks zone.
18:50 of 2nd period - Off-side.
18:51 of 2nd period - Sean Monahan wins face-off versus J.T. Compher in neutral zone.
18:54 of 2nd period - Shot by Miro Heiskanen.
18:54 of 2nd period - Stopped by Carter Hart without a rebound.
18:55 of 2nd period - Sean Monahan wins face-off versus J.T. Compher in Sharks zone.
19:15 of 2nd period - Shot by Andrej Sekera.
19:15 of 2nd period - Shot Misses the Net.
19:27 of 2nd period - Shot by Alex Formenton.
19:27 of 2nd period - Stopped by Carter Hart with a rebound.
19:29 of 2nd period - Shot by Andrej Sekera.
19:29 of 2nd period - Stopped by Carter Hart without a rebound.
19:30 of 2nd period - Ryan Johansen wins face-off versus Luke Glendening in Sharks zone.
Goals for this period are 0 for Sharks vs 2 for Coyotes.
Shots for this period are 3 for Sharks vs 19 for Coyotes.

3rd period


0:01 of 3rd period - Ryan Johansen wins face-off versus Nic Dowd in neutral zone.
0:16 of 3rd period - Shot by Cal Clutterbuck.
0:16 of 3rd period - Stopped by Mike Smith without a rebound.
0:17 of 3rd period - J.T. Compher wins face-off versus Sean Monahan in Coyotes zone.
0:18 of 3rd period - Shot by Tyler Pitlick.
0:18 of 3rd period - Stopped by Mike Smith with a rebound.
0:46 of 3rd period - Andy Greene is hit by Marcus Foligno.
0:59 of 3rd period - Minor Penalty to Alex Formenton for Holding.
1:00 of 3rd period - Pavel Zacha wins face-off versus Ryan Strome in Coyotes zone.
2:11 of 3rd period - Off-side.
2:12 of 3rd period - Boone Jenner wins face-off versus J.T. Compher in neutral zone.
2:29 of 3rd period - Ilya Mikheyev is hit by Marcus Foligno.
3:02 of 3rd period - Icing by Jay Bouwmeester.
3:03 of 3rd period - Ryan Johansen wins face-off versus Nic Dowd in Coyotes zone.
3:25 of 3rd period - Nic Dowd is hit by Pavel Zacha and loses puck.
4:28 of 3rd period - Shot by Sean Monahan.
4:28 of 3rd period - Shot Misses the Net.
4:30 of 3rd period - Shot by Alex Formenton.
4:30 of 3rd period - Shot Misses the Net.
4:58 of 3rd period - Shot by Ilya Mikheyev.
4:58 of 3rd period - Shot Misses the Net.
5:00 of 3rd period - Shot by Frank Vatrano.
5:00 of 3rd period - Shot Misses the Net.
5:08 of 3rd period - Shot by Frank Vatrano.
5:08 of 3rd period - Shot Misses the Net.
5:10 of 3rd period - Shot by Boone Jenner.
5:10 of 3rd period - Shot Blocked by Nate Schmidt.
5:12 of 3rd period - Shot by Ilya Mikheyev.
5:12 of 3rd period - Stopped by Carter Hart without a rebound.
5:13 of 3rd period - Ryan Strome wins face-off versus Robert Thomas in Sharks zone.
5:23 of 3rd period - Icing by Jay Bouwmeester.
5:24 of 3rd period - Robert Thomas wins face-off versus J.T. Compher in Coyotes zone.
5:40 of 3rd period - Chris Wagner is hit by Erik Johnson and loses puck.
6:35 of 3rd period - Shot by Vladimir Tarasenko.
6:35 of 3rd period - Stopped by Mike Smith without a rebound.
6:36 of 3rd period - Sean Monahan wins face-off versus Brad Malone in Coyotes zone.
6:57 of 3rd period - Shot by Josh Morrissey.
6:57 of 3rd period - Shot Blocked by Andy Greene.
6:59 of 3rd period - Shot by Nic Dowd.
6:59 of 3rd period - Stopped by Mike Smith without a rebound.
7:00 of 3rd period - Ryan Strome wins face-off versus Boone Jenner in Coyotes zone.
7:15 of 3rd period - Shot by Boone Jenner.
7:15 of 3rd period - Shot Misses the Net.
7:17 of 3rd period - Shot by Miro Heiskanen.
7:17 of 3rd period - Shot Misses the Net.
7:19 of 3rd period - Shot by Ilya Mikheyev.
7:19 of 3rd period - Shot Misses the Net.
7:54 of 3rd period - Icing by Vladislav Gavrikov.
7:55 of 3rd period - Ryan Strome wins face-off versus Ryan Johansen in Sharks zone.
8:27 of 3rd period - Off-side.
8:28 of 3rd period - Sean Monahan wins face-off versus Nic Dowd in neutral zone.
9:28 of 3rd period - Icing by Ilya Mikheyev.
9:29 of 3rd period - Boone Jenner wins face-off versus J.T. Compher in Coyotes zone.
9:47 of 3rd period - Shot by Ilya Mikheyev.
9:47 of 3rd period - Deflect By Boone Jenner.
9:47 of 3rd period - Shot Blocked by Tyler Pitlick.
10:25 of 3rd period - Shot by Pavel Zacha.
10:25 of 3rd period - Deflect By Jesper Bratt.
10:25 of 3rd period - Shot Blocked by Josh Morrissey.
10:27 of 3rd period - Shot by Jesper Bratt.
10:27 of 3rd period - Shot Misses the Net.
10:29 of 3rd period - Shot by Travis Sanheim.
10:29 of 3rd period - Stopped by Carter Hart without a rebound.
10:30 of 3rd period - Ryan Strome wins face-off versus Sean Monahan in Sharks zone.
10:39 of 3rd period - Shot by Vladimir Tarasenko.
10:39 of 3rd period - Goal by Vladimir Tarasenko - Sharks : 3 - Coyotes : 2.
10:40 of 3rd period - Ryan Johansen wins face-off versus Alexander Nylander in neutral zone.
11:47 of 3rd period - Icing by Erik Johnson.
11:48 of 3rd period - Boone Jenner wins face-off versus Ryan Strome in Sharks zone.
12:05 of 3rd period - Shot by Frank Vatrano.
12:05 of 3rd period - Shot Misses the Net.
12:07 of 3rd period - Shot by Ilya Mikheyev.
12:07 of 3rd period - Stopped by Carter Hart without a rebound.
12:08 of 3rd period - Sean Monahan wins face-off versus J.T. Compher in Sharks zone.
12:14 of 3rd period - Icing by J.T. Compher.
12:15 of 3rd period - J.T. Compher wins face-off versus Ryan Johansen in Sharks zone.
12:25 of 3rd period - Shot by Tyler Pitlick.
12:25 of 3rd period - Deflect By Marcus Foligno.
12:25 of 3rd period - Shot Misses the Net.
12:27 of 3rd period - Shot by Marcus Foligno.
12:27 of 3rd period - Stopped by Mike Smith without a rebound.
12:28 of 3rd period - Ryan Strome wins face-off versus Sean Monahan in Coyotes zone.
12:28 of 3rd period - Vladimir Tarasenko is hit by Travis Sanheim and loses puck.
12:46 of 3rd period - Off-side.
12:47 of 3rd period - Nic Dowd wins face-off versus Ryan Johansen in neutral zone.
12:53 of 3rd period - Shot by Josh Morrissey.
12:53 of 3rd period - Shot Misses the Net.
13:02 of 3rd period - Icing by Ryan Johansen.
13:03 of 3rd period - Ryan Johansen wins face-off versus Ryan Strome in Coyotes zone.
14:15 of 3rd period - Off-side.
14:16 of 3rd period - Brad Malone wins face-off versus Ilya Mikheyev in neutral zone.
14:53 of 3rd period - Shot by Cal Clutterbuck.
14:53 of 3rd period - Stopped by Mike Smith without a rebound.
14:54 of 3rd period - J.T. Compher wins face-off versus Yegor Sharangovich in Coyotes zone.
15:02 of 3rd period - Minor Penalty to Michael Stone for Boarding.
15:02 of 3rd period - Minor Penalty to Tyler Pitlick for Hooking.
15:03 of 3rd period - Ryan Strome wins face-off versus Sean Monahan in Coyotes zone.
15:16 of 3rd period - Shot by Ryan Strome.
15:16 of 3rd period - Shot Misses the Net.
15:18 of 3rd period - Shot by Marcus Foligno.
15:18 of 3rd period - Stopped by Mike Smith with a rebound.
15:20 of 3rd period - Shot by Marcus Foligno.
15:20 of 3rd period - Shot Misses the Net.
15:22 of 3rd period - Shot by Ryan Strome.
15:22 of 3rd period - Deflect By Marcus Foligno.
15:22 of 3rd period - Shot Misses the Net.
15:24 of 3rd period - Shot by Marcus Foligno.
15:24 of 3rd period - Shot Misses the Net.
15:26 of 3rd period - Shot by Ryan Strome.
15:26 of 3rd period - Stopped by Mike Smith without a rebound.
15:27 of 3rd period - Ryan Johansen wins face-off versus Vladimir Tarasenko in Coyotes zone.
16:00 of 3rd period - Shot by Jesper Bratt.
16:00 of 3rd period - Deflect By Ryan Johansen.
16:00 of 3rd period - Shot Misses the Net.
16:23 of 3rd period - Josh Morrissey is hit by Andy Greene and loses puck.
16:38 of 3rd period - Alexander Edler is hit by Travis Sanheim and loses puck.
17:07 of 3rd period - Ilya Mikheyev is hit by Cal Clutterbuck and loses puck.
17:23 of 3rd period - Brad Malone is hit by Michael Stone and loses puck.
17:29 of 3rd period - Icing by Jay Bouwmeester.
17:30 of 3rd period - Boone Jenner wins face-off versus William Nylander in Coyotes zone.
17:43 of 3rd period - Shot by Frank Vatrano.
17:43 of 3rd period - Stopped by Carter Hart without a rebound.
17:44 of 3rd period - J.T. Compher wins face-off versus Yegor Sharangovich in Sharks zone.
17:57 of 3rd period - Shot by Nate Schmidt.
17:57 of 3rd period - Stopped by Mike Smith without a rebound.
17:58 of 3rd period - Ryan Strome wins face-off versus Robert Thomas in Coyotes zone.
18:05 of 3rd period - Shot by Vladimir Tarasenko.
18:05 of 3rd period - Shot Misses the Net.
18:35 of 3rd period - Ryan Strome is hit by Nick Paul and loses puck.
19:56 of 3rd period - Coyotes, Mike Smith is pulled from the net.
Goals for this period are 1 for Sharks vs 0 for Coyotes.
Shots for this period are 10 for Sharks vs 4 for Coyotes.